 Dungeon Crawl Stone Soup version 0.20.1-1-g8b1a95d (console) character file.

54 hilaritas the Shield-Bearer (level 4, -1/35 HPs)
             Began as a Formicid Fighter on Aug 21, 2017.
             Slain by Natasha (5 damage)
             ... on level 2 of the Dungeon.
             The game lasted 00:01:42 (1028 turns).

hilaritas the Shield-Bearer (Formicid Fighter)      Turns: 1028, Time: 00:01:42

Health: -1/35      AC:  6    Str: 21    XL:     4   Next: 12%
Magic:  4/4        EV:  8    Int:  8    God:
Gold:   72         SH:  9    Dex: 10    Spells: 3/3 levels left

rFire    . . .     SeeInvis +   a - +0 war axe
rCold    . . .     Gourm    .   c - +0 shield
rNeg     . . .     Faith    .   b - +0 scale mail
rPois    .         Spirit   .   (helmet unavailable)
rElec    .         Reflect  .   (no cloak)
rCorr    .         Harm     .   (no gloves)
MR       .....                  (no boots)
Stlth    ..........             (no amulet)
Regen    0.2/turn               (no ring)
MPRegen  0.1/turn               (no ring)

@: no status effects
A: permanent stasis, dig shafts and tunnels, four strong arms, antennae 3
a: Dig, Shaft Self


You were on level 2 of the Dungeon.
You were not hungry.

You visited 1 branch of the dungeon, and saw 2 of its levels.

You collected 72 gold pieces.

Inventory:

Hand Weapons
 a - a +0 war axe (weapon)
 e - a +0 whip
Armour
 b - a +0 scale mail (worn)
 c - a +0 shield (worn)
Jewellery
 m - an uncursed amulet of rage {unknown}
Scrolls
 h - a scroll of recharging {unknown}
 i - a scroll of immolation {unknown}
 l - 2 scrolls of identify {unknown}
Potions
 d - 2 potions of might
 j - a potion of flight {unknown}
 k - a potion of curing {unknown}
 n - a potion of invisibility {unknown}
Comestibles
 f - a bread ration
 g - 2 chunks of flesh


   Skills:
 - Level 3.2 Fighting
 * Level 3.6 Axes
 - Level 3.2 Armour
 + Level 4.2 Shields


You had 3 spell levels left.
You didn't know any spells.

Dungeon Overview and Level Annotations

Branches:
Dungeon (2/15)

Altars:

Annotations:
D:2 Natasha


Innate Abilities, Weirdness & Mutations

You cannot be hasted, slowed, berserked, paralysed or teleported.
You can dig through walls and to a lower floor.
Your four strong arms can wield two-handed weapons with a shield.
You have a pair of large antennae on your head. (SInv)


Message History

Natasha mumbles some strange words.
You feel troubled. Natasha barely misses you.
You hit Natasha.
Natasha is heavily wounded.
You miss the crimson imp.
The crimson imp blinks!
You block Natasha's attack. x2
You hit Natasha.
Natasha is severely wounded.
You block Natasha's attack.
You closely miss Natasha.
Natasha is severely wounded.
Your shield and scale mail prevent you from hitting the crimson imp.
The crimson imp closely misses you. Natasha misses you.
You hit Natasha but do no damage.
Natasha is severely wounded.
You hit the crimson imp. You block the crimson imp's attack. Natasha claws you!
* * * LOW HITPOINT WARNING * * *
The crimson imp shouts, "Decamp, thou peaked full-gorged snaffler!"
You block the crimson imp's attack. Natasha claws you.
You die...

.........#
####.##.#...
.#######.#
#..........(. #.#
#............
#.###............
#...#........(...
###..†...........
###†.........#
#........#. {
#...5@...#
#.....h..#
########.# #


You could see Natasha and a crimson imp.

Vanquished Creatures
  Natasha (D:2)
  A gnoll (D:1)
  A dart slug (D:1)
  A leopard gecko (D:1)
  2 bats
  A giant cockroach (D:1)
  2 goblins (D:1)
  3 hobgoblins (D:1)
  A frilled lizard (D:1)
  3 kobolds (D:1)
  2 rats
18 creatures vanquished.

Notes
Turn   | Place    | Note
-------+----------+-------------------------------------------
     0 | D:1      | hilaritas the Formicid Fighter began the quest for the Orb.
     0 | D:1      | Reached XP level 1. HP: 18/18 MP: 1/1
    60 | D:1      | Reached skill level 4 in Shields
    60 | D:1      | Reached XP level 2. HP: 23/24 MP: 2/2
   304 | D:1      | Reached XP level 3. HP: 29/29 MP: 3/3
   873 | D:2      | Noticed Natasha
   882 | D:2      | Killed Natasha
   882 | D:2      | Reached XP level 4. HP: 16/35 MP: 4/4
  1014 | D:2      | Noticed Natasha
  1028 | D:2      | Slain by Natasha

Skill      XL: |  1  2  3 |
---------------+----------+-----
Shields        | 4 |  4.2
Axes           | 3 |  3.6
Fighting       | |  3.2
Armour         | |  3.2

Action                   |  1- 3 |  4- 6 || total
-------------------------+-------+-------++-------
Melee: War axe           |    58 |    11 ||    69
Armor: Scale mail        |    10 |     2 ||    12
Dodge: Dodged            |    26 |     5 ||    31
Block: Shield            |    31 |     9 ||    40
